 Dungeon Crawl Stone Soup version 0.31-a0-303-gdc8c9485ea (webtiles) character file.

Game seed: 8436990997367743126

707 cforsyth the Shield-Bearer (level 8, -4/69 HPs)
             Began as a Meteoran Fighter on July 17, 2023.
             Slain by a phantom (5 damage)
             ... on level 5 of the Dungeon.
             The game lasted 00:07:31 (1619 turns).

cforsyth the Shield-Bearer (Meteoran Fighter)       Turns: 1619, Time: 00:07:31

Health: -4/69      AC: 12    Str: 20    XL:     8   Next: 19%
Magic:  9/9        EV:  8    Int:  9    God:
Gold:   110        SH:  5    Dex: 14    Spells: 7/7 levels left

rFire   . . .        a - +0 flail
rCold   . . .        c - +0 buckler
rNeg    . . .        m - +0 chain mail
rPois   +            (no helmet)
rElec   .            o - +0 cloak
rCorr   .            (no gloves)
SInv    .            n - +0 pair of boots
Will    +....        (no amulet) Stlth
                     j - ring of poison resistance
HPRegen 0.31/turn    (no ring)
MPRegen 0.11/turn

%: no passive effects
@: glowing
A: sense surroundings 1, otherworldly, glowing, explore regen
a: no special abilities


You were on level 5 of the Dungeon.
You visited 1 branch of the dungeon, and saw 5 of its levels.

You collected 110 gold pieces.

Inventory:

Hand Weapons
 a - a +0 flail (weapon)
Armour
 b - a +0 scale mail
 c - a +0 buckler (worn)
 m - a +0 chain mail (worn)
 n - a +0 pair of boots (worn)
 o - a +0 cloak (worn)
Jewellery
 j - a ring of poison resistance (left hand)
Wands
 d - a wand of acid (2)
Scrolls
 e - a scroll of revelation {unknown}
 g - a scroll of fog {unknown}
 h - a scroll of silence {unknown}
 k - 2 scrolls of teleportation {unknown}
Potions
 f - a potion of degeneration {unknown}
 i - 3 potions of heal wounds {unknown}
 l - 3 potions of enlightenment {unknown}
 p - a potion of brilliance {unknown}


   Skills:
 + Level 5.5 Fighting
 + Level 5.9 Maces & Flails
 + Level 6.1 Armour
 + Level 6.1 Shields


You had 7 spell levels left.
You didn't know any spells.
Your spell library was empty.

Dungeon Overview and Level Annotations

Branches:
Dungeon (5/15) Zot: 1329
 Temple: D:4-7

Altars:
Ru
Sif Muna
Vehumet
Wu Jian

Shops:
D:3 (


Innate Abilities, Weirdness & Mutations

You passively map a small area around you.
You are easily found by Zot.
You glow in the dark.
You regain HP and MP as you explore.


Message History

The phantom hits you but does no damage.
You barely miss the phantom.
The phantom hits you but does no damage.
You sock the phantom!
The phantom is moderately damaged.
The phantom hits you.
You closely miss the phantom.
The phantom is moderately damaged.
The phantom hits you but does no damage.
The ogre hits you with a +0 giant spiked club!!
You hit the phantom.
The phantom is moderately damaged.
The phantom barely misses you. The ogre barely misses you.
You barely miss the phantom.
The phantom is moderately damaged.
The phantom closely misses you. The ogre misses you.
The phantom hits you but does no damage.
You closely miss the phantom.
The phantom is moderately damaged.
The phantom hits you.
You hit the phantom but do no damage.
The phantom is moderately damaged.
The ogre hits you with a +0 giant spiked club!
The phantom hits you but does no damage.
You are too injured to fight recklessly!
You are too injured to fight recklessly!
You are too injured to fight recklessly!
You are too injured to fight recklessly!
You are too injured to fight recklessly!
You are too injured to fight recklessly!
You are too injured to fight recklessly!
You hit the ogre.
The ogre is lightly wounded.
The phantom hits you but does no damage.
The ogre hits you with a +0 giant spiked club!!
* * * LOW HITPOINT WARNING * * *
You hit the ogre but do no damage.
The ogre is lightly wounded.
The phantom hits you.
You die...

,, , , * , , ,=.. ,
.#### #.. ....## *
, *.. * ..... ,,
###.###...##
.##..........
#..........,,*
.......O.#, ,*
..#.....@## *
..##.##..W## #.#.
##...#### ,,, ##...
#.......#.## ,
#....###..........,
,
......#....#.##...
, ..........##.# *
* #..#.##...## *#
#..###...##


You could see an ogre and a phantom.

Vanquished Creatures
  Pikel (D:4)
  A hound (D:4)
  An iguana (D:4)
  An orc wizard (D:4)
  9 adders
  4 gnolls
  An ufetubus (D:4)
  2 worms
  7 orcs
  2 ball pythons (D:1)
  6 bats
  An endoplasm (D:3)
  2 giant cockroaches
  7 goblins
  2 hobgoblins (D:3)
  2 quokkas (D:2)
  A frilled lizard (D:2)
  2 kobolds
  3 rats (D:3)
55 creatures vanquished.

Notes
Turn   | Place    | Note
-------+----------+-------------------------------------------
     0 | D:1      | cforsyth the Meteoran Fighter began the quest for the Orb.
     0 | D:1      | Reached XP level 1. HP: 19/19 MP: 2/2
    69 | D:2      | Reached XP level 2. HP: 26/26 MP: 3/3
   336 | D:1      | Reached XP level 3. HP: 18/31 MP: 4/4
   517 | D:2      | Reached XP level 4. HP: 10/40 MP: 5/5
   589 | D:2      | Reached XP level 5. HP: 5/46 MP: 6/6
   850 | D:3      | Found Ruhoun's Weapon Emporium.
   899 | D:3      | Found a sacrificial altar of Ru.
   937 | D:4      | Noticed Pikel
   937 | D:4      | Noticed a lemure
   938 | D:4      | Noticed a lemure
   938 | D:4      | Noticed a lemure
   941 | D:4      | Noticed a lemure
   946 | D:4      | Killed Pikel
   947 | D:4      | Reached skill level 5 in Fighting
   947 | D:4      | Reached skill level 5 in Maces & Flails
   947 | D:4      | Reached skill level 5 in Armour
   947 | D:4      | Reached skill level 5 in Shields
   947 | D:4      | Reached XP level 6. HP: 11/56 MP: 7/7
   947 | D:4      | Reached XP level 7. HP: 12/61 MP: 8/8
  1010 | D:4      | Reached XP level 8. HP: 68/68 MP: 9/9
  1040 | D:5      | Entered Level 5 of the Dungeon
  1053 | D:4      | Found an ornate altar of the Wu Jian Council.
  1451 | D:4      | Found a shimmering blue altar of Sif Muna.
  1534 | D:4      | Found a radiant altar of Vehumet.
  1618 | D:5      | HP: 1/69 [ogre/+0 giant spiked club (31)]
  1619 | D:5      | Slain by a phantom

Illustrated notes

Levels and vault maps discovered:
D:1:      kennysheep_arrival_seaside, layout_loops_ring
D:2:      layout_loops_cross, lemuel_flame_loot_1
D:3:      layout_loops_corners, nicolae_ru_awakened_eye, serial_shops,
          nicolae_shop_just_a_little_nook, chequers_serial_rivers_room_a,
          serial_bayou_pond_d
D:4:      layout_rooms, mainiacjoe_overflow_paths,
          nicolae_overflow_crystal_walls, mainiacjoe_overflow_brackets,
          minmay_temple_entry_overgrown, chequers_serial_rivers_micro_d,
          uniq_pikel
D:5:      layout_cave_pools

Skill      XL: |  1  2  3  4  5  6  7  8 |
---------------+-------------------------+-----
Maces & Flails | 3 5 |  5.9
Armour         | 4 5 6 |  6.1
Shields        | 4 5 6 |  6.1
Fighting       | 4 5 |  5.5

Action                     |  1- 3 |  4- 6 |  7- 9 || total
---------------------------+-------+-------+-------++-------
  Melee: Flail             |    72 |    68 |    77 ||   217
    Use: Potion            |       |     1 |       ||     1
 Armour: Scale mail        |    49 |    13 |       ||    62
         Chain mail        |       |    17 |    52 ||    69
  Dodge: Dodged            |    40 |    16 |    19 ||    75
  Block: Buckler           |    20 |    17 |    14 ||    51

Table legend: (Time is in decaauts)
 A = Elapsed time spent in this place.
 B = Non-inter-level travel time spent in this place.
 C = Inter-level travel time spent in this place.
 D = Time resting spent in this place.
 E = Time spent auto-exploring this place.
 F = Levels seen in this place.
 G = Mean time per level.
                   A        B        C        D        E       F      G
               +--------+--------+--------+--------+--------+-----+--------+
         Total |   1669 |   1669 |      0 |      0 |      0 |   5 |  333.8 |
       Dungeon |   1669 |   1669 |      0 |      0 |      0 |   5 |  333.8 |
               +--------+--------+--------+--------+--------+-----+--------+

Top non-repeatable levels by time:
     D:3: 575 daAuts
     D:2: 385 daAuts
     D:1: 361 daAuts
     D:4: 310 daAuts
     D:5: 37 daAuts
